Map: Queda Cerúlea LE

Players

Vicster - Winner!

  • Race: Terran Terran
  • League: Gold
  • Spawn Location: 1:00

TesTamenT

  • Race: Protoss Protoss
  • League: Silver
  • Spawn Location: 7:00

VOD

Have the link to the VOD?

Description

Time

  • Played on: Jan. 9, 2019, 2:27 p.m.
  • Length: 15:55
Show
View Real Time Build Order
Export as new Build Order

Vicster Terran - Winner!

Build Orders: Mech 

Get SALT Encoding   

  12  0:01  SCV  
  13  0:13  SCV  
  14  0:22  Supply Depot  
  14  0:25  SCV  
  15  0:44  SCV  
  15  0:49  Barracks  
  16  0:56  SCV  
  17  0:57  Refinery  
  17  1:08  SCV  
  18  1:12  Supply Depot  
  18  1:20  SCV  
  19  1:39  Marine  
  20  1:41  Orbital Command  
  20  2:03  Command Center  
  20  2:14  SCV  
  21  2:23  Factory  
  21  2:27  Barracks Tech Lab  
  21  2:35  Bunker  
  21  2:36  SCV  
  22  2:41  Refinery  
  22  2:48  SCV  
  23  3:00  SCV  
  24  3:17  Orbital Command  
  22  3:44  Marine  
  22  3:46  Siege Tank  
  22  3:47  SCV  
  26  4:32  Bunker  
  26  4:33  Marine  
  26  4:35  Siege Tank  
  30  4:49  Supply Depot  
  30  4:52  SCV  
  31  4:56  SCV  
  31  4:58  Command Center  
  32  5:04  SCV  
  33  5:08  Siege Tank  
  33  5:09  SCV  
  33  5:11  Supply Depot  
  37  5:16  SCV  
  37  5:21  SCV  
  39  5:28  SCV  
  40  5:33  SCV, Engineering Bay  
  41  5:40  SCV  
  41  5:42  Refinery  
  42  5:44  Refinery  
  42  5:45  SCV  
  43  5:57  SCV  
  43  6:03  Missile Turret x2  
  44  6:06  Missile Turret  
  44  6:09  SCV  
  45  6:11  SCV  
  45  6:16  Orbital Command  
  46  6:19  Command Center  
  46  6:21  SCV  
  46  6:23  SCV  
  48  6:33  Armory, SCV  
  48  6:35  SCV  
  50  6:45  SCV  
  51  6:47  SCV  
  52  6:57  SCV  
  52  6:59  SCV  
  54  7:03  Factory x2, Orbital Command  
  54  7:05  Siege Tank  
  57  7:10  SCV  
  58  7:18  SCV  
  58  7:22  SCV  
  60  7:32  Command Center  
  60  7:34  Factory, SCV  
  61  7:39  Factory, Orbital Command  
  61  7:43  SCV x2  
  63  7:46  SCV  
  64  7:55  SCV x2  
  64  7:58  SCV  
  67  8:09  SCV x3  
  67  8:10  SCV  
  67  8:12  Refinery, Terran Vehicle Weapons Level 1  
  71  8:18  Refinery  
  71  8:20  Armory  
  71  8:21  SCV x3, Supply Depot  
  71  8:24  Supply Depot  
  71  8:25  Factory Tech Lab  
  71  8:26  Supply Depot x2  
  74  8:28  Supply Depot  
  74  8:29  Factory  
  74  8:31  SCV  
  74  8:33  Factory Tech Lab  
  75  8:40  Factory  
  75  8:52  Factory  
  75  8:53  Factory Tech Lab x2  
  75  9:01  Factory  
  75  9:14  Command Center  
  75  9:16  SCV x3  
  78  9:18  Thor x3, Hellbat  
  98  9:24  Factory Tech Lab  
  98  9:28  SCV x3  
  98  9:30  Factory, Orbital Command  
  101  9:39  Thor, Terran Vehicle And Ship Armor Level 1  
  101  9:41  Factory Tech Lab  
  107  9:55  Orbital Command  
  107  9:59  SCV  
  108  10:01  SCV x3  
  111  10:11  SCV  
  111  10:13  Factory Tech Lab, SCV x3  
  115  10:16  Factory Tech Lab, Factory  
  115  10:22  Command Center  
  115  10:23  SCV  
  115  10:24  Thor  
  115  10:26  Hellbat  
  115  10:27  Hellbat x3  
  130  10:34  Refinery  
  130  10:37  Refinery, SCV  
  130  10:40  SCV x4  
  135  10:48  Hellbat x4  
  135  10:49  SCV  
  144  10:52  SCV  
  145  10:57  Refinery  
  145  11:01  SCV  
  146  11:07  Hellbat  
  146  11:09  Hellbat  
  146  11:10  Refinery  
  150  11:13  SCV  
  151  11:21  Factory  
  151  11:22  Factory Tech Lab  
  151  11:26  Factory  
  151  11:33  Terran Vehicle Weapons Level 2  
  151  11:34  Factory, Terran Vehicle And Ship Armor Level 2  
  151  11:35  Refinery  
  151  11:50  Planetary Fortress  
  151  12:03  Planetary Fortress  
  151  12:04  Thor  
  151  12:05  Thor x2  
  151  12:07  Hellion x4  
  177  12:41  Hellion  
  177  12:43  Hellion  
  177  12:44  Hellion x2  
  177  12:45  Hellion  
  177  12:48  Hellion x3  
  166  12:54  Factory Tech Lab  
  157  13:07  Hellion  
  147  13:19  Thor x4  
  159  13:30  Thor  
  159  13:33  Thor  
  160  13:49  Refinery  
  150  14:01  Armory  
  150  14:20  Command Center  
  150  14:21  Factory Tech Lab  
  150  14:30  Missile Turret  
  150  14:32  Missile Turret  
  150  14:34  Missile Turret  
  150  14:43  Missile Turret  
  150  14:44  Missile Turret  
  150  14:48  Missile Turret  
  150  14:50  Missile Turret  
  133  15:31  SCV x4  
  137  15:35  SCV  
  137  15:48  Supply Depot  
Show
View Real Time Build Order
Export as new Build Order

TesTamenT Protoss 

Build Orders:  

Get SALT Encoding   

  1  0:00  Probe  
  13  0:17  Pylon  
  13  0:20  Probe  
  14  0:26  Assimilator  
  14  0:40  Probe  
  15  0:52  Gateway  
  15  0:53  Probe  
  16  1:05  Forge  
  16  1:14  Pylon  
  16  1:19  Probe  
  17  1:26  Assimilator  
  17  1:39  Pylon  
  17  1:43  Zealot  
  19  1:48  Probe  
  20  2:00  Probe  
  21  2:17  Probe  
  21  2:24  Zealot  
  23  2:35  Cybernetics Core  
  23  2:42  Photon Cannon  
  23  2:46  Probe  
  24  2:52  Zealot  
  24  4:07  Stargate  
  24  4:09  Zealot  
  24  4:11  Stargate  
  24  4:16  Stargate  
  22  4:31  Pylon  
  22  4:32  Probe  
  22  4:33  Zealot  
  25  4:40  Probe  
  26  5:04  Void Ray  
  30  5:10  Void Ray  
  34  5:25  Void Ray  
  38  5:29  Nexus  
  38  5:38  Probe  
  39  6:05  Pylon  
  39  6:23  Void Ray, Probe  
  44  6:32  Pylon  
  44  6:42  Assimilator  
  44  6:44  Void Ray  
  44  6:45  Void Ray  
  52  7:04  Void Ray  
  56  7:28  Probe  
  57  7:41  Probe, Pylon  
  58  7:53  Probe  
  58  7:56  Pylon  
  59  8:04  Zealot  
  59  8:05  Probe  
  62  8:08  Protoss Air Weapons Level 1  
  62  8:16  Probe  
  63  8:20  Robotics Facility  
  63  8:24  Probe  
  63  8:31  Zealot  
  63  8:32  Probe  
  67  8:42  Probe  
  68  8:50  Probe  
  68  8:54  Void Ray  
  73  8:58  Probe, Zealot  
  76  9:09  Observer  
  77  9:10  Probe  
  77  9:15  Assimilator  
  78  9:22  Probe  
  79  9:24  Void Ray  
  79  9:31  Observer  
  84  9:34  Probe  
  85  9:46  Probe  
  86  10:02  Protoss Air Armor Level 1  
  86  10:08  Pylon  
  86  10:10  Pylon  
  86  10:14  Pylon  
  86  10:26  Oracle x2, Probe, Observer  
  86  10:28  Void Ray  
  94  10:32  Zealot  
  94  10:33  Fleet Beacon  
  98  10:38  Probe  
  101  10:48  Observer  
  102  10:50  Probe  
  103  10:58  Zealot  
  103  10:59  Robotics Facility  
  103  11:03  Void Ray  
  108  11:25  Zealot  
  110  11:51  Photon Cannon  
  110  11:55  Photon Cannon  
  110  11:57  Pylon  
  110  11:59  Photon Cannon  
  110  12:15  Zealot, Phoenix x3  
  80  13:21  Phoenix, Pylon  
  80  13:23  Pylon  
  80  13:26  Pylon  
  70  13:45  Carrier  
  70  13:47  Carrier  
  70  13:48  Carrier  
  53  14:51  Void Ray  
Tags
 
Composition
Mech
Matchup
PvT
Replay Pack
Vicster replay
Spawn Locations
Cross Positions
Add a new tag
Caveats
  • Supply blocks, unpowered buildings, or Contaminate may cause inaccurate times.
  • Supply counts are checked every 10 seconds.